 Dungeon Crawl Stone Soup version 0.27-a0-819-g058290f16d (webtiles) character file.

Game seed: 10119695324215730709

86 jestyr24 the Magician (level 4, -5/31 HPs)
             Began as a Djinni Fire Elementalist on Mar 29, 2021.
             Engulfed by a cloud of flame (8 damage)
             ... on level 6 of the Dungeon.
             The game lasted 00:09:43 (2027 turns).

jestyr24 the Magician (Djinni Fire Elementalist)    Turns: 2027, Time: 00:09:44

Health: -5/31      AC:  2    Str:  7    XL:     4   Next: 49%
Gold:   86         EV: 12    Int: 18    God:
                   SH:  0    Dex: 13

rFire    + + .     SeeInvis .   b - +0 dagger
rCold    x . .     Faith    .   (no shield)
rNeg     . . .     Spirit   .   a - +0 robe
rPois    ∞         Reflect  .   (no helmet)
rElec    .         Harm     .   (no cloak)
rCorr    .         Rampage  .   (no gloves)
Will     .....                  (boots unavailable)
Stlth    ++........             (no amulet)
HPRegen  0.10/turn              (no ring)
MPRegen  0.00/turn              (no ring)

@: flying
A: fire resistance 2, cold vulnerability 1, float, innate caster, hp casting,
extra vitality 1
a: no special abilities


You were on level 6 of the Dungeon.
You visited 1 branch of the dungeon, and saw 4 of its levels.

You collected 86 gold pieces.

Inventory:

Hand Weapons
 b - a +0 dagger (weapon)
 e - a +0 short sword
Missiles
 n - 14 poisoned darts
Armour
 a - a +0 robe (worn)
Jewellery
 g - a +4 ring of protection
Scrolls
 c - a scroll of holy word {unknown}
 f - a scroll of immolation {unknown}
 j - 2 scrolls of identify {unknown}
 k - a scroll of enchant weapon {unknown}
 l - a scroll of fog {unknown}
 m - a scroll of amnesia {unknown}
Potions
 d - a potion of might {unknown}
 h - a potion of flight {unknown}
 i - a potion of brilliance {unknown}


   Skills:
 * Level 0.4 Fighting
 + Level 3.0 Dodging
 + Level 1.7 Stealth
 + Level 3.9 Spellcasting


You couldn't memorise any spells.
You knew the following spells:

 Your Spells              Type           Power      Damage    Failure   Level
a - Foxfire               Conj/Fire      68%        2x1d7     3%          1
b - Conjure Flame         Conj/Fire      17%        6-21      9%          3
c - Inner Flame           Hex/Fire       17%        N/A       9%          3
d - Sticky Flame          Conj/Fire      17%        2d4       28%         4
e - Fireball              Conj/Fire      8%         3d6       63%         5
f - Magic Dart            Conj           68%        1d6       3%          1
Your spell library was empty.

Dungeon Overview and Level Annotations

Branches:
Dungeon (3/15)

Altars:


Innate Abilities, Weirdness & Mutations

You are immune to poison.
Your flesh is very heat resistant. (rF++)
You are vulnerable to cold. (rC-)
You float through the air rather than walking.
You learn spells naturally, not from books.
Your magical power is your life essence.
You have superior vitality. (+4 HP)


Message History

The orc is moderately wounded.
The foxfire hits the orc.
Flame seeps out of the orc.
The orc is heavily wounded.
The orc is engulfed in blazing flames.
Flame seeps out of the orc.
The orc misses you.
The orc is engulfed in blazing flames.
The orc explodes!
The fiery explosion engulfs the orc!!!
You kill the orc!
The fiery explosion engulfs you! You resist.
You hear a shout!
A bullfrog zombie comes into view.
Casting: Foxfire (safe; 3% risk of failure)
Confirm with . or Enter, or press ? or * to list all spells.
Aiming: Magic Dart (safe; 3% risk of failure)
Press: ? - help, Shift-Dir - straight line, f - bullfrog zombie
Aim: a bullfrog zombie (0% to evade)
The magic dart hits the bullfrog zombie.
The bullfrog zombie is lightly damaged.
Casting: Magic Dart (safe; 3% risk of failure)
Confirm with . or Enter, or press ? or * to list all spells.
Aiming: Magic Dart (safe; 3% risk of failure)
Press: ? - help, Shift-Dir - straight line, f/p - bullfrog zombie
Aim: a bullfrog zombie (lightly damaged, 0% to evade)
The magic dart hits the bullfrog zombie.
The bullfrog zombie is moderately damaged.
* * * LOW HITPOINT WARNING * * *
Casting: Magic Dart (safe; 3% risk of failure)
Confirm with . or Enter, or press ? or * to list all spells.
Aiming: Magic Dart (safe; 3% risk of failure)
Press: ? - help, Shift-Dir - straight line, f/p - bullfrog zombie
Aim: a bullfrog zombie (moderately damaged, 0% to evade)
The magic dart hits the bullfrog zombie.
The bullfrog zombie is moderately damaged.
* * * LOW HITPOINT WARNING * * *
The bullfrog zombie hits you.
* * * LOW HITPOINT WARNING * * *
Really fly into that cloud of flame?
You are engulfed in blazing flames.
You resist.
You die...

..# #....... #.#.+
#..#.### ..#.#
#.##.# #.#.# #o##.#
##########.#.#
#....#
.o....o....#.#
#..###
o#########.#.+####+
#..# #.#.......
#..#
#)@########)).#
#§☼.Z.........#
#######.......#
#########


You could see a bullfrog zombie.

Vanquished Creatures
  An orc wizard (D:6)
  2 dart slugs
  3 orcs (D:6)
  6 ball pythons
  2 endoplasms
  6 giant cockroaches
  5 goblins
  7 hobgoblins
  3 jackals (D:1)
  4 kobolds
  A quokka (D:1)
  2 bats
  3 frilled lizards
  2 rats
47 creatures vanquished.

Vanquished Creatures (others)
  110 foxfires
110 creatures vanquished.

Grand Total: 157 creatures vanquished

Notes
Turn   | Place    | Note
-------+----------+-------------------------------------------
     0 | D:1      | jestyr24 the Djinni Fire Elementalist began the quest for
                  | the Orb.
     0 | D:1      | Reached XP level 1. HP: 15/15 MP: 0/0
   141 | D:1      | Reached XP level 2. HP: 11/21 MP: 0/0
   867 | D:1      | Reached XP level 3. HP: 21/25 MP: 0/0
   867 | D:1      | Learned a level 1 spell: Magic Dart
  1964 | D:3      | You are sucked into a shaft and drop 3 floors!
  1988 | D:6      | Reached XP level 4. HP: 27/31 MP: 0/0
  2005 | D:6      | Noticed an orc warrior
  2027 | D:6      | Engulfed by a cloud of flame

Illustrated notes

Levels and vault maps discovered:
D:1:      tarquinn_simple_flora_water_e, layout_basic
D:2:      layout_rooms
D:3:      layout_basic, serial_corexii_hall, corexii_hall_statues_l,
          corexii_hall_statues_x
D:6:      layout_cave_pools, nicolae_overflow_hidden_temple, minivault_11,
          grunt_ministairs_14, minmay_misc_feat_ornament,
          uniq_crazy_yiuf_cottage

Skill      XL: |  1  2  3 |
---------------+----------+-----
Spellcasting   | 3 |  3.9
Dodging        | 3 |  3.0
Fighting       | |  0.4
Stealth        | |  1.7

Action                   |  1- 3 |  4- 6 || total
-------------------------+-------+-------++-------
Melee: Dagger            |    17 |     1 ||    18
       Unarmed           |     2 |       ||     2
 Cast: Foxfire           |    57 |     4 ||    61
       Magic Dart        |     3 |     3 ||     6
       Inner Flame       |     1 |     1 ||     2
Armor: Robe              |    10 |     1 ||    11
Dodge: Dodged            |    21 |     2 ||    23

Table legend: (Time is in decaauts)
 A = Elapsed time spent in this place.
 B = Non-inter-level travel time spent in this place.
 C = Inter-level travel time spent in this place.
 D = Time resting spent in this place.
 E = Time spent auto-exploring this place.
 F = Levels seen in this place.
 G = Mean time per level.
                   A        B        C        D        E       F      G
               +--------+--------+--------+--------+--------+-----+--------+
         Total |   2025 |   2008 |     17 |    309 |   1111 |   4 |  506.2 |
       Dungeon |   2025 |   2008 |     17 |    309 |   1111 |   4 |  506.2 |
               +--------+--------+--------+--------+--------+-----+--------+

Top non-repeatable levels by time:
     D:1: 1382 daAuts
     D:2: 485 daAuts
     D:3: 94 daAuts
     D:6: 62 daAuts
